Map: [TLMC15] Berlingrad

Players

Trap - Winner!

  • Race: Protoss Protoss

Serral

  • Race: Zerg Zerg

Event: StayAtHome Story Cup #4

VOD

Have the link to the VOD?

Description

Time

  • Played on: Oct. 22, 2021, 9:17 a.m.
  • Length: 18:43

All games in this series

Show
View Real Time Build Order
Export as new Build Order

Trap Protoss - Winner!

Build Orders:  

Get SALT Encoding   

  12  0:00  Probe  
  13  0:14  Pylon  
  13  0:17  Probe (Chrono Boost)  
  14  0:27  Probe (Chrono Boost)  
  15  0:32  Probe (Chrono Boost)  
  16  0:42  Gateway  
  16  0:44  Probe  
  17  0:50  Assimilator  
  17  0:56  Probe  
  18  1:08  Probe  
  18  1:09  Gateway  
  19  1:20  Probe  
  19  1:23  Pylon  
  20  1:30  Cybernetics Core  
  20  1:31  Zealot (Chrono Boost)  
  22  1:44  Forge  
  22  1:53  Probe  
  22  1:54  Zealot (Chrono Boost)  
  25  2:04  Adept (Chrono Boost)  
  27  2:10  Probe  
  28  2:19  Adept (Chrono Boost)  
  28  2:22  Probe  
  30  2:26  Adept  
  30  2:33  Photon Cannon, Warp Gate  
  30  2:43  Pylon  
  31  2:44  Probe  
  31  3:01  Probe  
  31  3:02  Assimilator, Adept x2  
  36  3:13  Probe  
  37  3:25  Probe  
  38  3:36  Stargate  
  38  3:38  Probe  
  39  3:46  Pylon  
  39  4:04  Probe  
  40  4:16  Probe  
  41  4:18  Oracle (Chrono Boost)  
  41  4:23  Nexus  
  44  4:28  Probe  
  33  4:38  Adept x2  
  33  4:40  Probe  
  38  4:48  Oracle (Chrono Boost)  
  41  4:53  Probe  
  42  5:05  Probe  
  43  5:15  Adept x2  
  43  5:17  Nexus  
  47  5:25  Void Ray (Chrono Boost)  
  47  5:35  Probe (Chrono Boost)  
  53  5:38  Assimilator  
  53  5:40  Probe (Chrono Boost)  
  53  5:45  Robotics Facility  
  53  5:46  Probe (Chrono Boost)  
  53  5:48  Probe (Chrono Boost)  
  55  5:59  Probe x2  
  57  6:11  Probe x2  
  55  6:14  Stalker x2, Void Ray (Chrono Boost)  
  55  6:20  Gateway x2  
  59  6:26  Probe x2  
  59  6:32  Warp Prism (Chrono Boost)  
  61  6:37  Protoss Ground Weapons Level 1  
  63  6:47  Pylon  
  63  6:48  Sentry, Zealot  
  63  6:52  Pylon  
  67  6:54  Probe x3  
  67  7:00  Immortal (Chrono Boost)  
  74  7:09  Shield Battery  
  74  7:10  Zealot  
  74  7:15  Shield Battery  
  76  7:16  Sentry  
  76  7:18  Pylon  
  70  7:26  Shield Battery  
  68  7:33  Stalker x2  
  72  7:43  Stalker, Zealot  
  72  7:53  Immortal (Chrono Boost)  
  72  7:58  Shield Battery  
  76  8:10  Zealot x3  
  75  8:17  Stalker  
  70  8:30  Pylon  
  70  8:32  Zealot  
  70  8:35  Zealot  
  71  8:43  Immortal (Chrono Boost)  
  69  8:51  Stalker x2  
  72  8:59  Zealot x2  
  68  9:13  Immortal (Chrono Boost)  
  72  9:24  Stalker x2  
  62  9:41  Stalker  
  62  9:42  Stalker  
  66  9:50  Probe x2  
  68  9:55  Observer (Chrono Boost)  
  68  9:58  Assimilator  
  69  10:02  Probe  
  69  10:06  Pylon  
  70  10:07  Pylon  
  70  10:24  Immortal, Probe  
  75  10:32  Stalker x3  
  75  10:33  Zealot  
  83  10:43  Probe x2  
  83  10:56  Probe  
  83  11:00  Sentry  
  84  11:04  Pylon  
  84  11:06  Pylon  
  84  11:11  Twilight Council  
  72  11:18  Immortal (Chrono Boost)  
  72  11:25  Stalker x2, Zealot x2  
  78  11:28  Observer  
  70  11:36  Probe x2  
  70  11:39  Stalker  
  72  11:40  Stalker  
  74  11:47  Assimilator  
  74  11:48  Charge (Chrono Boost)  
  74  11:57  Gateway  
  74  11:59  Gateway  
  74  12:02  Sentry x2, Zealot  
  80  12:13  Immortal (Chrono Boost)  
  84  12:15  Nexus  
  84  12:17  Protoss Ground Weapons Level 2 (Chrono Boost)  
  84  12:19  Pylon  
  83  12:23  Observer  
  83  12:42  Dark Shrine  
  83  12:46  Zealot x2  
  83  12:47  Zealot  
  83  12:48  Sentry  
  83  12:49  Nexus  
  93  13:06  Immortal (Chrono Boost)  
  85  13:12  Zealot x2  
  85  13:13  Zealot  
  85  13:16  Pylon  
  89  13:29  Zealot x2  
  89  13:30  Zealot  
  83  13:44  Warp Prism (Chrono Boost)  
  85  13:56  Dark Templar  
  87  14:07  Dark Templar  
  89  14:12  Shield Battery  
  89  14:16  Assimilator  
  89  14:18  Observer (Chrono Boost)  
  89  14:20  Assimilator  
  90  14:30  Dark Templar x2  
  94  14:48  Zealot x2  
  94  14:50  Dark Templar x2  
  100  14:53  Immortal (Chrono Boost)  
  100  14:57  Archon  
  100  14:59  Archon  
  103  15:02  Photon Cannon  
  103  15:12  Zealot x3  
  107  15:17  Robotics Bay  
  107  15:24  Blink (Chrono Boost)  
  107  15:29  Protoss Ground Weapons Level 3 (Chrono Boost)  
  107  15:31  Probe x3  
  108  15:43  Probe x3  
  108  15:46  Observer  
  111  15:55  Probe x2  
  113  16:03  Disruptor (Chrono Boost)  
  114  16:04  Robotics Facility  
  114  16:14  Stalker x2  
  114  16:15  Stalker  
  118  16:30  Stalker  
  118  16:32  Stalker  
  122  16:34  Pylon, Disruptor (Chrono Boost)  
  122  16:37  Pylon  
  125  16:52  Disruptor (Chrono Boost)  
  128  17:02  Disruptor (Chrono Boost)  
  131  17:08  Nexus  
  131  17:13  Photon Cannon  
  131  17:15  Photon Cannon  
  131  17:22  Disruptor (Chrono Boost)  
  125  17:26  Stalker  
  125  17:27  Stalker x2  
  132  17:38  Disruptor (Chrono Boost)  
  130  17:49  Stalker x3  
  130  17:51  Disruptor (Chrono Boost)  
  133  18:03  Stalker x3  
  139  18:09  Pylon  
  139  18:25  Pylon  
  140  18:28  Pylon  
  140  18:32  Dark Templar x3  
Show
View Real Time Build Order
Export as new Build Order

Serral Zerg 

Build Orders: Pool First 

Get SALT Encoding   

  12  0:17  Spawning Pool  
  11  0:22  Drone  
  11  0:26  Drone  
  13  0:31  Drone  
  14  0:40  Overlord  
  15  1:04  Zergling x4  
  15  1:05  Zergling x2  
  19  1:16  Zergling x2  
  18  1:22  Hatchery  
  17  1:28  Zergling x2  
  18  1:50  Hatchery  
  17  1:57  Drone  
  17  2:01  Drone  
  19  2:04  Drone  
  20  2:09  Drone  
  21  2:20  Queen  
  20  2:32  Drone  
  20  2:36  Zergling x2  
  22  2:48  Drone x2  
  25  2:56  Queen  
  26  3:01  Overlord  
  25  3:08  Queen  
  25  3:10  Drone x2  
  27  3:13  Drone  
  27  3:14  Drone  
  29  3:20  Extractor x2  
  29  3:24  Zergling x4  
  30  3:32  Zergling x6  
  33  3:37  Zergling x2  
  35  3:44  Roach Warren  
  35  3:45  Zergling x2  
  34  3:50  Overlord  
  34  3:54  Zergling x2  
  35  3:57  Overlord  
  34  4:09  Zergling x6  
  35  4:10  Zergling x2  
  35  4:14  Drone  
  35  4:19  Drone x2  
  38  4:26  Drone x2  
  35  4:32  Drone  
  35  4:38  Drone  
  36  4:41  Drone  
  36  4:44  Drone  
  36  4:45  Drone  
  39  4:50  Lair  
  39  4:51  Drone  
  40  4:57  Spore Crawler  
  39  5:00  Queen  
  39  5:03  Drone  
  39  5:05  Drone  
  43  5:07  Drone  
  43  5:10  Drone  
  44  5:14  Drone x2  
  44  5:20  Drone x2  
  48  5:22  Drone  
  47  5:31  Overlord, Extractor  
  47  5:32  Drone  
  47  5:33  Roach Warren  
  46  5:35  Drone  
  47  5:45  Queen  
  47  5:46  Overlord  
  49  5:53  Zergling x4  
  51  5:59  Nydus Network  
  43  6:18  Hatchery  
  42  6:19  Overseer  
  42  6:22  Roach x4  
  50  6:37  Overlord  
  50  6:38  Roach x2  
  56  6:45  Queen  
  56  6:51  Queen, Nydus Canal  
  58  6:59  Zergling x6  
  61  7:03  Ravager  
  61  7:07  Zergling x4  
  64  7:12  Ravager  
  64  7:15  Zergling x6  
  68  7:24  Overlord  
  68  7:30  Overlord  
  68  7:33  Zergling x8  
  68  7:35  Ravager  
  70  7:42  Zergling x4  
  70  7:43  Zergling x2  
  70  7:45  Ravager  
  69  7:51  Zergling x2  
  69  7:52  Zergling x4  
  69  7:55  Ravager  
  69  7:56  Zergling x4  
  73  8:06  Zergling x8  
  73  8:11  Nydus Canal  
  75  8:16  Zergling x4  
  73  8:29  Zergling x12  
  76  8:34  Roach  
  76  8:37  Roach  
  79  8:42  Roach  
  79  8:43  Zergling x2  
  79  8:47  Roach  
  80  8:52  Nydus Canal  
  75  8:57  Zergling x6  
  75  9:01  Zergling x2  
  74  9:05  Zergling x2  
  69  9:16  Nydus Canal  
  67  9:18  Drone x4  
  69  9:34  Roach x2, Zergling x6, Nydus Canal  
  69  9:39  Drone  
  68  9:47  Drone x2  
  69  9:56  Drone x3  
  69  9:58  Metabolic Boost  
  74  10:00  Roach  
  74  10:05  Overlord  
  74  10:06  Overlord  
  74  10:14  Overlord  
  74  10:15  Overlord  
  74  10:27  Zergling x2  
  74  10:28  Zergling x6  
  67  10:30  Ravager x2  
  67  10:33  Roach  
  70  10:36  Roach  
  70  10:42  Ravager  
  73  10:44  Roach x3  
  73  10:45  Zergling x4  
  77  10:50  Roach, Zergling x2  
  77  10:56  Roach  
  79  10:59  Zergling x2  
  79  11:03  Zergling x2  
  80  11:07  Zergling x2  
  80  11:08  Queen x2  
  82  11:15  Zergling x6  
  74  11:19  Zergling x2  
  74  11:24  Ravager  
  74  11:25  Ravager  
  75  11:29  Zergling x4  
  71  11:43  Queen  
  71  11:44  Queen  
  75  11:51  Zergling x8  
  75  11:53  Ravager  
  75  11:54  Ravager  
  81  11:59  Hatchery, Zergling x2  
  81  12:03  Zergling x4  
  81  12:05  Evolution Chamber  
  81  12:08  Roach  
  82  12:16  Roach x2  
  82  12:18  Hatchery, Roach x2  
  82  12:19  Roach  
  92  12:34  Ravager  
  91  12:40  Extractor  
  91  12:41  Zergling x12  
  96  12:44  Ravager  
  96  12:48  Drone  
  98  12:51  Overlord  
  94  13:05  Glial Reconstitution  
  94  13:08  Overlord, Zergling x2  
  94  13:09  Zergling x10  
  100  13:13  Overlord  
  100  13:25  Roach x4  
  99  13:32  Roach x3  
  99  13:33  Roach x2  
  101  13:39  Roach  
  101  13:40  Roach  
  105  13:44  Roach  
  105  13:45  Roach  
  105  13:47  Drone x2  
  108  13:49  Drone  
  108  13:53  Drone  
  110  14:00  Evolution Chamber  
  109  14:08  Drone x6  
  114  14:13  Overseer  
  114  14:15  Drone x4  
  118  14:19  Overlord  
  118  14:21  Roach  
  118  14:24  Roach  
  122  14:27  Zerg Missile Weapons Level 1  
  122  14:37  Overseer  
  120  14:39  Roach x3  
  124  14:49  Roach x2  
  128  14:59  Drone  
  123  15:02  Drone  
  123  15:04  Roach x2  
  129  15:14  Drone, Extractor  
  129  15:15  Drone  
  129  15:16  Overlord  
  129  15:17  Overlord x2  
  129  15:22  Overlord  
  129  15:36  Roach x4  
  129  15:37  Roach x3  
  129  15:42  Drone  
  144  15:43  Drone  
  153  15:50  Roach x4  
  153  15:55  Overlord x2  
  153  15:58  Overseer  
  153  16:02  Roach x2  
  155  16:13  Hatchery  
  155  16:17  Drone x3, Extractor  
  156  16:22  Zerg Missile Weapons Level 2  
  156  16:28  Overlord  
  156  16:29  Overlord  
  156  16:36  Drone x3, Extractor  
  156  16:39  Roach x2  
  162  16:46  Burrow  
  162  16:48  Roach x2  
  166  17:00  Roach x5  
  176  17:06  Overseer  
  176  17:07  Ravager  
  176  17:08  Ravager x3  
  180  17:09  Ravager x2  
  180  17:12  Overseer, Overlord  
  180  17:13  Overseer, Overlord  
  182  17:19  Drone x3  
  182  17:20  Drone  
  185  17:23  Nydus Canal  
  185  17:27  Roach x2  
  185  17:36  Roach x3  
  163  17:42  Nydus Canal  
  164  17:44  Drone x2  
  164  17:47  Zergling x4  
  161  17:53  Zergling x8  
  161  17:58  Ravager x6  
  171  18:11  Roach  
  171  18:12  Roach x4  
  174  18:23  Roach x4  
Tags
 
Add a new tag
Caveats
  • Supply blocks, unpowered buildings, or Contaminate may cause inaccurate times.
  • Supply counts are checked every 10 seconds.